[Event "OEBRO 85th Anniversary GM 2021"]
[Site "Copenhagen"]
[Date "2021.10.21"]
[Round "6.2"]
[White "Hamitevici, Vladimir"]
[Black "Yankelevich, Lev"]
[Result "1-0"]
[ECO "A10"]
[WhiteElo "2465"]
[BlackElo "2432"]
[Annotator "ChessBase"]
[PlyCount "88"]
[EventDate "2021.10.18"]
[EventType "swiss"]
[EventCountry "DEN"]
[SourceTitle "playchess.com"]
[Source "ChessBase"]
[SourceQuality "1"]
[TimeControl "40/5400+30:900+30"]

1. c4 g6 2. Nc3 Bg7 3. g3 Nf6 4. Bg2 O-O 5. e4 d6 6. Nge2 c5 7. O-O Nc6 8. d3 a6 9. h3 Rb8 10. f4 Bd7 11. Be3 b5 12. Qd2 Qc8 13. Kh2 Ne8 14. Rac1 b4 15. Nd1 f5 16. exf5 gxf5 17. d4 cxd4 18. Nxd4 Nxd4 19. Bxd4 Bxd4 20. Qxd4 Qc5 21. Qxc5 dxc5 22. Re1 e6 23. Nf2 Nd6 24. Nd3 Nxc4 25. Rxc4 Bb5 26. Ne5 Bxc4 27. Nxc4 b3 28. a3 Rfd8 29. Rxe6 Rd4 30. Re5 Kh8 31. Bf1 Rbd8 32. Rxc5 Rd1 33. Kg2 Rc1 34. Rxf5 Rdd1 35. Be2 Re1 36. Bd3 Red1 37. Rd5 a5 38. Kf3 a4 39. Ke4 Rg1 40. Rg5 h6 41. Rg6 Rg2 42. Kf5 Rd1 43. Be4 Rd4 44. Bxg2 Rxc4 1-0

[Event "OEBRO 85th Anniversary GM 2021"]
[Site "Copenhagen"]
[Date "2021.10.21"]
[Round "6.3"]
[White "Brynell, Stellan"]
[Black "Hector, Jonny"]
[Result "1/2-1/2"]
[ECO "D08"]
[WhiteElo "2431"]
[BlackElo "2443"]
[Annotator "ChessBase"]
[PlyCount "129"]
[EventDate "2021.10.18"]
[EventType "swiss"]
[EventCountry "DEN"]
[SourceTitle "playchess.com"]
[Source "ChessBase"]
[SourceQuality "1"]
[TimeControl "40/5400+30:900+30"]

1. d4 d5 2. c4 e5 3. dxe5 Ne7 4. Nf3 Nbc6 5. cxd5 Qxd5 6. Qxd5 Nxd5 7. a3 h6 8. e4 Nb6 9. Be3 Bd7 10. Nc3 O-O-O 11. Bb5 g5 12. O-O Bg7 13. Rac1 Rhe8 14. Rfd1 Nxe5 15. Nxe5 Bxe5 16. Bxd7+ Rxd7 17. Rxd7 Kxd7 18. Rd1+ Kc8 19. Bxb6 axb6 20. f3 c6 21. Rd3 b5 22. Kf2 Kc7 23. g3 h5 24. Nd1 Rd8 25. Rxd8 Kxd8 26. Ke3 c5 27. Nc3 Kd7 28. Nxb5 Bxb2 29. Kd3 g4 30. f4 Bc1 31. e5 Ke6 32. Ke4 f5+ 33. exf6 Kxf6 34. a4 c4 35. Kd4 h4 36. Nd6 Ke6 37. Nxb7 c3 38. Nc5+ Kf5 39. Nd3 Bb2 40. a5 c2+ 41. Ke3 c1=Q+ 42. Nxc1 Bxc1+ 43. Ke2 Ba3 44. a6 Bc5 45. Kd3 Bg1 46. Ke2 h3 47. Kf1 Ba7 48. Ke2 Ke4 49. Kf1 Kd5 50. Ke2 Kc4 51. Kd2 Kd5 52. Kd3 Bg1 53. Ke2 Kc6 54. Kf1 Bd4 55. Ke2 Bc5 56. Kd3 Bg1 57. Ke2 Kb6 58. f5 Bd4 59. Kd3 Be5 60. f6 Bxg3 61. hxg3 h2 62. f7 h1=Q 63. f8=Q Qd1+ 64. Kc4 Qe2+ 65. Kd4 1/2-1/2

[Event "OEBRO 85th Anniversary GM 2021"]
[Site "Copenhagen"]
[Date "2021.10.21"]
[Round "6.4"]
[White "Kozak, Adam"]
[Black "Larsen, Karsten"]
[Result "1-0"]
[ECO "A05"]
[WhiteElo "2516"]
[BlackElo "2252"]
[Annotator "ChessBase"]
[PlyCount "83"]
[EventDate "2021.10.18"]
[EventType "swiss"]
[EventCountry "DEN"]
[SourceTitle "playchess.com"]
[Source "ChessBase"]
[SourceQuality "1"]
[TimeControl "40/5400+30:900+30"]

1. Nf3 Nf6 2. c4 e6 3. g3 b6 4. Bg2 Bb7 5. O-O Be7 6. b3 O-O 7. Bb2 d5 8. e3 c5 9. Nc3 dxc4 10. bxc4 Nc6 11. Qe2 Rc8 12. Ne1 Qd7 13. f4 Rfd8 14. d3 a6 15. g4 b5 16. cxb5 Nb4 17. g5 Bxg2 18. Kxg2 Ne8 19. bxa6 Qc6+ 20. Rf3 Qxa6 21. e4 Rb8 22. Nd1 Nc6 23. Nf2 Nd4 24. Bxd4 Rxd4 25. Rh3 g6 26. Nc2 Ra4 27. Ne3 Nd6 28. Neg4 Rab4 29. Qe1 Qa3 30. Ne5 Rb2 31. Nc6 R8b7 32. Re3 Rxa2 33. Rxa2 Qxa2 34. Re2 Qa4 35. Nxe7+ Rxe7 36. Qc3 Rc7 37. Ng4 Qd4 38. Qxd4 cxd4 39. Ra2 Kg7 40. Ra6 Ne8 41. Ra8 Nd6 42. Rd8 1-0

[Event "OEBRO 85th Anniversary GM 2021"]
[Site "Copenhagen"]
[Date "2021.10.21"]
[Round "6.5"]
[White "Ramsdal, Jens Albert"]
[Black "Siddharth, Jagadeesh"]
[Result "1-0"]
[ECO "B12"]
[WhiteElo "2261"]
[BlackElo "2336"]
[Annotator "ChessBase"]
[PlyCount "65"]
[EventDate "2021.10.18"]
[EventType "swiss"]
[EventCountry "DEN"]
[SourceTitle "playchess.com"]
[Source "ChessBase"]
[SourceQuality "1"]
[TimeControl "40/5400+30:900+30"]

1. e4 c6 2. d4 d5 3. e5 c5 4. dxc5 e6 5. a3 Bxc5 6. b4 Be7 7. Qg4 g6 8. Bd3 Nd7 9. Nf3 a5 10. b5 Nc5 11. O-O a4 12. Nc3 h5 13. Qd4 Nh6 14. Rd1 Nxd3 15. Rxd3 Nf5 16. Qf4 Qc7 17. h3 h4 18. Rb1 Bd7 19. Bb2 Rh5 20. Nh2 Ra5 21. Ba1 d4 22. Rbd1 Bxb5 23. Nxb5 Rxb5 24. Bxd4 Qxc2 25. R3d2 Qc7 26. Bb2 Ra5 27. Ng4 Kf8 28. Nf6 Rh8 29. Rd7 Qb6 30. Bc3 Rb5 31. Rxe7 Kxe7 32. Qg5 Qc6 33. Nh7+ 1-0

[Event "OEBRO 85th Anniversary GM 2021"]
[Site "Copenhagen"]
[Date "2021.10.21"]
[Round "6.6"]
[White "Simonsen, Carsten"]
[Black "Kistrup, Nicolai"]
[Result "0-1"]
[ECO "A45"]
[WhiteElo "2218"]
[BlackElo "2249"]
[Annotator "ChessBase"]
[PlyCount "78"]
[EventDate "2021.10.18"]
[EventType "swiss"]
[EventCountry "DEN"]
[SourceTitle "playchess.com"]
[Source "ChessBase"]
[SourceQuality "1"]
[TimeControl "40/5400+30:900+30"]

1. d4 Nf6 2. Bf4 d5 3. e3 e6 4. Nd2 Bd6 5. Bg3 O-O 6. Bd3 c5 7. c3 Nc6 8. Ngf3 b6 9. Qe2 Bb7 10. Rd1 Ne7 11. e4 c4 12. Bb1 dxe4 13. Nxe4 Nxe4 14. Bxe4 Bxe4 15. Qxe4 Nd5 16. Be5 Rc8 17. h4 f6 18. Bxd6 Qxd6 19. g3 b5 20. O-O Rfe8 21. Rfe1 b4 22. cxb4 Nxb4 23. a3 Nd5 24. Rc1 c3 25. bxc3 Nxc3 26. Qd3 Qxa3 27. Ra1 Qe7 28. Ra6 Qd7 29. Qe3 Nd5 30. Qe4 Rc6 31. Rea1 Rxa6 32. Rxa6 Nb4 33. Ra5 Rb8 34. Qe2 Nc6 35. Rc5 Nb4 36. Qc4 Nd5 37. Kg2 g6 38. Rc6 Rb7 39. Qa6 Nb4 0-1

[Event "OEBRO 85th Anniversary GM 2021"]
[Site "Copenhagen"]
[Date "2021.10.21"]
[Round "6.7"]
[White "Nielsen, Viktor Haarmark"]
[Black "Korley, Kassa"]
[Result "1/2-1/2"]
[ECO "C18"]
[WhiteElo "2296"]
[BlackElo "2407"]
[Annotator "ChessBase"]
[PlyCount "288"]
[EventDate "2021.10.18"]
[EventType "swiss"]
[EventCountry "DEN"]
[SourceTitle "playchess.com"]
[Source "ChessBase"]
[SourceQuality "1"]
[TimeControl "40/5400+30:900+30"]

1. e4 e6 2. d4 d5 3. Nc3 Bb4 4. e5 c5 5. a3 Bxc3+ 6. bxc3 Ne7 7. Qg4 Qc7 8. Bd3 c4 9. Be2 Nf5 10. Bd1 Qa5 11. Bd2 Nc6 12. Ne2 Bd7 13. Ng3 Nce7 14. Nh5 Rg8 15. Qh3 Nc6 16. g4 Nfe7 17. Qe3 O-O-O 18. O-O Rdf8 19. a4 f5 20. g5 f4 21. Nxf4 Nf5 22. Qe1 Rf7 23. Bh5 g6 24. Bg4 h6 25. Nh3 h5 26. Be2 Nd8 27. Bc1 Bxa4 28. Qd2 Qb5 29. Ba3 Qc6 30. Bb4 b6 31. Rfb1 a5 32. Ba3 Nh4 33. f4 Rb7 34. Ra2 Nf5 35. Rab2 Rgg7 36. Nf2 Rb8 37. Nd1 Rgb7 38. Bf1 Ra8 39. Bh3 Ra6 40. Kf2 Qd7 41. Bxf5 exf5 42. h4 Bc6 43. Ne3 Ne6 44. Kg3 b5 45. Bd6 Nd8 46. Qe1 Qe6 47. Ra1 Rba7 48. Rab1 Rb7 49. Ra1 Be8 50. Bc5 Rb8 51. Qh1 Bc6 52. Qe1 Nb7 53. Ba3 Rba8 54. Rab1 Rb6 55. Qd2 Raa6 56. Qe1 Kc7 57. Qd2 Ra8 58. Qe1 Rd8 59. Qd2 Kd7 60. Qe1 Qe8 61. Qd2 Ke6 62. Qe1 Rb8 63. Qh1 Qd7 64. Qe1 Ra6 65. Qd2 Rba8 66. Qe1 Qe8 67. Qh1 Rd8 68. Qe1 Rb6 69. Qd2 Rd7 70. Qe1 Qa8 71. Qd2 Qa7 72. Nd1 Rc7 73. Qe3 Be8 74. Kg2 Qa6 75. Qd2 Nd8 76. Qe1 Nc6 77. Bc5 Rbb7 78. Qd2 Nb8 79. Bd6 Rc8 80. Ra2 Nc6 81. Kg3 Qb6 82. Bc5 Qd8 83. Rab2 Nb8 84. Bd6 Na6 85. Qe1 Bc6 86. Ra2 Ra8 87. Rab2 Qb6 88. Qd2 Rd8 89. Ba3 Qc7 90. Qe1 Be8 91. Kf3 Qc6 92. Kg3 b4 93. cxb4 Rdb8 94. bxa5 Rxb2 95. Rxb2 Rxb2 96. Bxb2 Qa4 97. Qc3 Nb4 98. Ne3 Qb5 99. Qa3 Qa4 100. Qxa4 Bxa4 101. Kf2 Nc6 102. Bc3 Bb5 103. Ke1 Ba6 104. Kd2 Bb7 105. Kc1 Nd8 106. Nd1 Kd7 107. Bd2 Nc6 108. Bc3 Nd8 109. Kd2 Ne6 110. Ke3 Kc6 111. Be1 Kb5 112. Nc3+ Kc6 113. Na2 Kb5 114. Nb4 Nc7 115. Bd2 Ba8 116. Na2 Bc6 117. Nc3+ Ka6 118. Ne2 Kb5 119. Ng3 Ne6 120. Be1 Ka6 121. Ne2 Kb5 122. Bc3 Ba8 123. Kd2 Bc6 124. Kc1 Bb7 125. Kb2 Bc6 126. Ka3 Nc7 127. Bd2 Bd7 128. Nc3+ Kc6 129. Ka4 Kb7+ 130. Kb4 Na6+ 131. Ka3 Kc6 132. Ka4 Kb7+ 133. Ka3 Kc6 134. Na2 Kb5 135. Bb4 Kc6 136. Bd6 Kb5 137. Nc3+ Kc6 138. Kb2 Be6 139. Ka2 Bd7 140. Ka3 Be6 141. Ka4 Bd7 142. Ka3 Be6 143. Ka4 Bd7 144. Ka3 Be6 1/2-1/2

[Event "OEBRO 85th Anniversary GM 2021"]
[Site "Copenhagen"]
[Date "2021.10.21"]
[Round "6.8"]
[White "Porte, Henrik"]
[Black "Jacobsen, Mikkel Manosri"]
[Result "1/2-1/2"]
[ECO "D50"]
[WhiteElo "2170"]
[BlackElo "2293"]
[Annotator "ChessBase"]
[PlyCount "180"]
[EventDate "2021.10.18"]
[EventType "swiss"]
[EventCountry "DEN"]
[SourceTitle "playchess.com"]
[Source "ChessBase"]
[SourceQuality "1"]
[TimeControl "40/5400+30:900+30"]

1. d4 d5 2. c4 e6 3. Nc3 Nf6 4. Bg5 c6 5. Nf3 h6 6. Bxf6 Qxf6 7. e3 Nd7 8. cxd5 exd5 9. Bd3 Be7 10. Qc2 O-O 11. O-O Nb6 12. Rab1 Be6 13. b4 Nd7 14. Ne2 Bd6 15. b5 Bg4 16. Nd2 c5 17. dxc5 Nxc5 18. Nd4 Rac8 19. Be2 Ne4 20. Qb2 Bxe2 21. Nxe2 Qxb2 22. Rxb2 Ba3 23. Rb3 Nxd2 24. Rxa3 Nxf1 25. Kxf1 Rc2 26. Rxa7 Rfc8 27. Nd4 Rb2 28. g4 Rc1+ 29. Kg2 Ra1 30. Rxb7 Raxa2 31. Rd7 Rxf2+ 32. Kg3 g5 33. b6 Rg2+ 34. Kh3 Rxh2+ 35. Kg3 Rhb2 36. b7 Kg7 37. Nc6 Ra3 38. Kf3 Rab3 39. b8=Q Rxb8 40. Nxb8 Rxb8 41. Rxd5 Rb6 42. Ra5 Kg6 43. Rc5 Ra6 44. Rb5 f6 45. Rc5 h5 46. gxh5+ Kxh5 47. Rc3 Ra5 48. Kg3 Ra4 49. Rb3 Kg6 50. Kf3 Kh5 51. Kg3 Ra1 52. Rc3 Kg6 53. Kf3 f5 54. Rb3 g4+ 55. Kg3 Rf1 56. e4 fxe4 57. Kxg4 Kf6 58. Kg3 Ke5 59. Kg2 Rf8 60. Ra3 Rb8 61. Kf2 Kf4 62. Ke2 Rb2+ 63. Ke1 Kf5 64. Ra5+ Kg4 65. Ra3 Kf4 66. Rc3 Ra2 67. Rb3 Ke5 68. Rb5+ Kd4 69. Rb4+ Kd3 70. Rb3+ Kc4 71. Rh3 Kd4 72. Rg3 Ke5 73. Rh3 Ra1+ 74. Ke2 Ra2+ 75. Ke1 Kf4 76. Rb3 Ra8 77. Ke2 Ra4 78. Rc3 Ke5 79. Rb3 Kd4 80. Rh3 Ra2+ 81. Ke1 Ra8 82. Ke2 Ke5 83. Rb3 Kf4 84. Rc3 Ra2+ 85. Ke1 e3 86. Rc8 Kf3 87. Rf8+ Ke4 88. Re8+ Kf3 89. Rf8+ Ke4 90. Re8+ Kf3 1/2-1/2

[Event "OEBRO 85th Anniversary GM 2021"]
[Site "Copenhagen"]
[Date "2021.10.23"]
[Round "8.1"]
[White "Kistrup, Nicolai"]
[Black "Hamitevici, Vladimir"]
[Result "0-1"]
[ECO "A50"]
[WhiteElo "2249"]
[BlackElo "2465"]
[Annotator "ChessBase"]
[PlyCount "120"]
[EventDate "2021.10.18"]
[EventType "swiss"]
[EventCountry "DEN"]
[SourceTitle "playchess.com"]
[Source "ChessBase"]
[SourceQuality "1"]
[TimeControl "40/5400+30:900+30"]

1. d4 Nf6 2. c4 b6 3. Nc3 Bb7 4. Qc2 d5 5. cxd5 Nxd5 6. e4 Nxc3 7. bxc3 e6 8. Nf3 Be7 9. Bb5+ c6 10. Bd3 c5 11. O-O cxd4 12. cxd4 O-O 13. Bb2 Nc6 14. d5 Nb4 15. Qc3 f6 16. Bb1 exd5 17. Rd1 Qc8 18. a3 Qxc3 19. Bxc3 Na6 20. exd5 Bd6 21. Bf5 Rfd8 22. Be6+ Kf8 23. Nh4 Nc7 24. Nf5 Bc5 25. Bb4 Bxd5 26. Bxc5+ bxc5 27. Bxd5 Rxd5 28. Ne3 Rxd1+ 29. Rxd1 Ke8 30. Kf1 Rb8 31. Nf5 g6 32. Nd6+ Ke7 33. Ne4 Ne6 34. Rc1 Rc8 35. Rc4 f5 36. Nc3 Rb8 37. Ra4 Rb7 38. Ke2 Kf6 39. Kd3 h5 40. Ra6 g5 41. g3 Ke5 42. Kc4 Rb2 43. f4+ gxf4 44. gxf4+ Nxf4 45. h4 Rc2 46. Kb3 Rh2 47. Rxa7 Rxh4 48. a4 Nd5 49. Nxd5 Kxd5 50. Rf7 Ke6 51. Rc7 Rb4+ 52. Ka3 Rb8 53. Rxc5 Rh8 54. Rc1 f4 55. Kb4 Rb8+ 56. Ka3 Kf5 57. Rh1 Kg4 58. Rg1+ Kf3 59. Rh1 Rh8 60. a5 Kg2 0-1

[Event "OEBRO 85th Anniversary GM 2021"]
[Site "Copenhagen"]
[Date "2021.10.23"]
[Round "8.2"]
[White "Kozak, Adam"]
[Black "Yankelevich, Lev"]
[Result "1-0"]
[ECO "A14"]
[WhiteElo "2516"]
[BlackElo "2432"]
[Annotator "ChessBase"]
[PlyCount "51"]
[EventDate "2021.10.18"]
[EventType "swiss"]
[EventCountry "DEN"]
[SourceTitle "playchess.com"]
[Source "ChessBase"]
[SourceQuality "1"]
[TimeControl "40/5400+30:900+30"]

1. c4 e6 2. Nf3 d5 3. g3 Nf6 4. Bg2 Be7 5. O-O O-O 6. d4 dxc4 7. Qc2 b5 8. a4 Bb7 9. axb5 a6 10. Nc3 axb5 11. Rxa8 Bxa8 12. Nxb5 Bd5 13. Nc3 Bb7 14. Qa4 Nd5 15. Qxc4 Ba6 16. Qa2 Nb4 17. Qb1 h6 18. Rd1 c5 19. dxc5 Qc8 20. Qe4 Qxc5 21. Ne5 Nd5 22. Nxd5 exd5 23. Qxd5 Bxe2 24. Re1 Qc2 25. Be4 Qc8 26. Nxf7 1-0

[Event "OEBRO 85th Anniversary GM 2021"]
[Site "Copenhagen"]
[Date "2021.10.23"]
[Round "8.5"]
[White "Larsen, Karsten"]
[Black "Hector, Jonny"]
[Result "1-0"]
[ECO "D02"]
[WhiteElo "2252"]
[BlackElo "2443"]
[Annotator "ChessBase"]
[PlyCount "107"]
[EventDate "2021.10.18"]
[EventType "swiss"]
[EventCountry "DEN"]
[SourceTitle "playchess.com"]
[Source "ChessBase"]
[SourceQuality "1"]
[TimeControl "40/5400+30:900+30"]

1. d4 d5 2. Nf3 Nc6 3. Bf4 Bg4 4. Nbd2 f6 5. c3 Qd7 6. Qb3 O-O-O 7. e3 g5 8. Bg3 h5 9. h4 Bxf3 10. Nxf3 g4 11. Nd2 Nh6 12. Bd3 e5 13. O-O-O Nf5 14. Bxf5 Qxf5 15. Rhe1 Bh6 16. Qa4 Rd6 17. Nb3 Kb8 18. Nc5 Ka8 19. Rd2 Nd8 20. Red1 Rc6 21. Rc2 Ne6 22. b4 Nxc5 23. dxc5 Qe4 24. Qb3 Qxg2 25. Qxd5 Qxd5 26. Rxd5 b6 27. Rcd2 Kb7 28. Kc2 bxc5 29. b5 Re6 30. Rxc5 Rd6 31. Rxd6 cxd6 32. Rc6 Bf8 33. e4 Be7 34. Kb3 Rf8 35. Kc4 f5 36. exf5 Rxf5 37. a4 Rf3 38. Kd5 Bf8 39. a5 Rf7 40. Ke6 Rc7 41. Rxc7+ Kxc7 42. c4 Bh6 43. c5 dxc5 44. Bxe5+ Kb7 45. Kd5 Bd2 46. a6+ Ka8 47. Kxc5 g3 48. Bxg3 Bb4+ 49. Kc6 Bc5 50. Kd5 Bd4 51. f4 Be3 52. Ke4 Bc5 53. f5 Bd6 54. Be5 1-0

[Event "OEBRO 85th Anniversary GM 2021"]
[Site "Copenhagen"]
[Date "2021.10.23"]
[Round "8.6"]
[White "Brondt, Nicolai Kvist"]
[Black "Siddharth, Jagadeesh"]
[Result "1/2-1/2"]
[ECO "A57"]
[WhiteElo "2217"]
[BlackElo "2336"]
[Annotator "ChessBase"]
[PlyCount "110"]
[EventDate "2021.10.18"]
[EventType "swiss"]
[EventCountry "DEN"]
[SourceTitle "playchess.com"]
[Source "ChessBase"]
[SourceQuality "1"]
[TimeControl "40/5400+30:900+30"]

1. d4 Nf6 2. c4 c5 3. d5 b5 4. Qc2 b4 5. e4 d6 6. Bd3 g6 7. Nf3 Bg7 8. O-O O-O 9. h3 a5 10. Nbd2 e5 11. a3 Na6 12. Re1 Nh5 13. Nf1 h6 14. Ng3 Nf4 15. Bf1 Qf6 16. Nh2 h5 17. Ne2 Bd7 18. Bd2 Bh6 19. g3 Nxe2+ 20. Rxe2 Qg7 21. Bg2 f5 22. exf5 gxf5 23. Bxh6 Qxh6 24. f4 e4 25. Nf1 h4 26. Re3 hxg3 27. Rxg3+ Kh7 28. Qf2 Rg8 29. Rxg8 Rxg8 30. Kh2 Qf6 31. Rc1 bxa3 32. bxa3 Rb8 33. Qe1 Qh6 34. Qg3 Nc7 35. Nd2 Ne8 36. Rb1 Rxb1 37. Nxb1 Nf6 38. Nc3 Qg6 39. Qg5 a4 40. Kg3 Nh5+ 41. Kf2 Ng7 42. h4 Qe8 43. Bf1 Qb8 44. Nb5 Bxb5 45. cxb5 Qe8 46. h5 Nxh5 47. Qxf5+ Kh8 48. Qe6 Qf8 49. f5 Nf6 50. b6 Qh6 51. Be2 Qf4+ 52. Kg2 Qg5+ 53. Kf2 Qf4+ 54. Kg2 Qg5+ 55. Kf2 Qf4+ 1/2-1/2

[Event "OEBRO 85th Anniversary GM 2021"]
[Site "Copenhagen"]
[Date "2021.10.23"]
[Round "8.7"]
[White "Jacobsen, Mikkel Manosri"]
[Black "Korley, Kassa"]
[Result "0-1"]
[ECO "A79"]
[WhiteElo "2293"]
[BlackElo "2407"]
[Annotator "ChessBase"]
[PlyCount "104"]
[EventDate "2021.10.18"]
[EventType "swiss"]
[EventCountry "DEN"]
[SourceTitle "playchess.com"]
[Source "ChessBase"]
[SourceQuality "1"]
[TimeControl "40/5400+30:900+30"]

1. d4 Nf6 2. c4 e6 3. Nf3 c5 4. d5 exd5 5. cxd5 d6 6. Nc3 g6 7. Nd2 Bg7 8. e4 O-O 9. Be2 Na6 10. O-O Re8 11. f3 Nc7 12. a4 b6 13. Nc4 Ba6 14. Bg5 h6 15. Bh4 Bxc4 16. Bxc4 a6 17. Re1 g5 18. Bf2 Nd7 19. Bf1 Be5 20. Rb1 Qf6 21. Qd2 Nf8 22. Ne2 b5 23. b4 c4 24. Nd4 Ng6 25. Qd1 Kh7 26. a5 Rg8 27. g3 Ne8 28. Bh3 Ng7 29. Rf1 Rae8 30. Kh1 Bxd4 31. Bxd4 Qe7 32. Qd2 Ne5 33. Rbe1 f6 34. Re3 Rgf8 35. f4 Nd3 36. Bg4 gxf4 37. gxf4 f5 38. Bxg7 Kxg7 39. Bxf5 Rxf5 40. Rg3+ Kf7 41. exf5 Qe4+ 42. Qg2 Qxg2+ 43. Kxg2 Nxb4 44. Rg6 Nxd5 45. Kh3 Ne3 46. Re1 Nxf5 47. Rxe8 Kxe8 48. Kg4 Nd4 49. Rxd6 c3 50. Rd5 c2 51. Rc5 b4 52. f5 b3 0-1

[Event "OEBRO 85th Anniversary GM 2021"]
[Site "Copenhagen"]
[Date "2021.10.24"]
[Round "9.1"]
[White "Hamitevici, Vladimir"]
[Black "Ramsdal, Jens Albert"]
[Result "1/2-1/2"]
[ECO "A05"]
[WhiteElo "2465"]
[BlackElo "2261"]
[Annotator "ChessBase"]
[PlyCount "139"]
[EventDate "2021.10.18"]
[EventType "swiss"]
[EventCountry "DEN"]
[SourceTitle "playchess.com"]
[Source "ChessBase"]
[SourceQuality "1"]
[TimeControl "40/5400+30:900+30"]

1. Nf3 Nf6 2. c4 e6 3. g3 d5 4. b3 d4 5. Bg2 c5 6. O-O Nc6 7. e3 Be7 8. exd4 cxd4 9. d3 O-O 10. Bg5 Nd7 11. Bxe7 Qxe7 12. Re1 Nc5 13. Ne5 Nxe5 14. Rxe5 a5 15. Qc2 f6 16. Re1 e5 17. Nd2 Bf5 18. Ne4 Bxe4 19. Bxe4 Nxe4 20. Rxe4 f5 21. Ree1 Rae8 22. c5 Kh8 23. Qc4 Qf6 24. Qd5 f4 25. Qg2 f3 26. Qh3 Qc6 27. Re4 Qb5 28. Rae1 Qxd3 29. Qd7 Qc3 30. Qd5 d3 31. Qc4 Qxc4 32. bxc4 Re7 33. Rd1 Rd8 34. Rd2 g6 35. h4 h5 36. Kh2 Kg7 37. g4 Kf6 38. Kg3 hxg4 39. Kxg4 Rc7 40. Kxf3 Rxc5 41. Ke3 Rdc8 42. Kxd3 Rd8+ 43. Ke3 Rxd2 44. Kxd2 Kf5 45. f3 b6 46. Rg4 Rc7 47. Ke3 Rd7 48. Rg5+ Kf6 49. Ke2 Rd6 50. Rg1 Kf5 51. Rg5+ Kf6 52. Rg1 Rc6 53. Kd3 Kf5 54. Rg5+ Kf6 55. Rg1 Kf7 56. Rg5 Rf6 57. Ke4 Rf4+ 58. Kxe5 Rxh4 59. f4 Rh2 60. f5 gxf5 61. Rxf5+ Ke7 62. Kd5 Rxa2 63. Kc6 Rb2 64. Re5+ Kf6 65. Rb5 Rxb5 66. Kxb5 Ke5 67. c5 bxc5 68. Kxc5 a4 69. Kb4 a3 70. Kxa3 1/2-1/2

[Event "OEBRO 85th Anniversary GM 2021"]
[Site "Copenhagen"]
[Date "2021.10.24"]
[Round "9.2"]
[White "Stefansson, Vignir Vatnar"]
[Black "Kozak, Adam"]
[Result "1/2-1/2"]
[ECO "D35"]
[WhiteElo "2399"]
[BlackElo "2516"]
[Annotator "ChessBase"]
[PlyCount "53"]
[EventDate "2021.10.18"]
[EventType "swiss"]
[EventCountry "DEN"]
[SourceTitle "playchess.com"]
[Source "ChessBase"]
[SourceQuality "1"]
[TimeControl "40/5400+30:900+30"]

1. d4 Nf6 2. c4 e6 3. Nc3 d5 4. cxd5 exd5 5. Bg5 c6 6. e3 Nbd7 7. Bd3 Be7 8. Nge2 Nf8 9. Qc2 Ne6 10. Bh4 g6 11. O-O O-O 12. Rae1 Ng4 13. Bxe7 Qxe7 14. h3 Nf6 15. a3 Ng7 16. Nf4 Bf5 17. Ra1 Nfe8 18. b4 a6 19. Rfe1 Nd6 20. a4 b5 21. a5 Nc4 22. Bxf5 Nxf5 23. Nd3 Nfd6 24. Nc5 Nb7 25. Nd3 Nbd6 26. Nc5 Nb7 27. Nd3 1/2-1/2

[Event "OEBRO 85th Anniversary GM 2021"]
[Site "Copenhagen"]
[Date "2021.10.24"]
[Round "9.3"]
[White "Yankelevich, Lev"]
[Black "Kistrup, Nicolai"]
[Result "1-0"]
[ECO "A08"]
[WhiteElo "2432"]
[BlackElo "2249"]
[Annotator "ChessBase"]
[PlyCount "79"]
[EventDate "2021.10.18"]
[EventType "swiss"]
[EventCountry "DEN"]
[SourceTitle "playchess.com"]
[Source "ChessBase"]
[SourceQuality "1"]
[TimeControl "40/5400+30:900+30"]

1. Nf3 d5 2. g3 c5 3. Bg2 Nf6 4. O-O e6 5. d3 Nc6 6. e4 Be7 7. Qe2 dxe4 8. dxe4 e5 9. c3 Bg4 10. h3 Bxf3 11. Bxf3 O-O 12. Rd1 Qc7 13. Na3 a6 14. Nc4 b5 15. Ne3 Rad8 16. Nf5 Rxd1+ 17. Qxd1 Rd8 18. Qe2 Nd7 19. Nxe7+ Nxe7 20. Bg5 f6 21. Be3 Nb6 22. b3 c4 23. Bxb6 Qxb6 24. bxc4 Qc5 25. Bg4 Kf7 26. cxb5 Qxc3 27. Rd1 Rxd1+ 28. Qxd1 axb5 29. Bd7 b4 30. Ba4 g6 31. Bb3+ Kg7 32. Qd7 Qc5 33. Qe6 Nc6 34. Qf7+ Kh6 35. Qxf6 Nd4 36. Bg8 Qc1+ 37. Kg2 Qg5 38. Qf7 Kh5 39. Qxh7+ Qh6 40. Qe7 1-0

[Event "OEBRO 85th Anniversary GM 2021"]
[Site "Copenhagen"]
[Date "2021.10.24"]
[Round "9.5"]
[White "Larsen, Karsten"]
[Black "Brynell, Stellan"]
[Result "0-1"]
[ECO "D05"]
[WhiteElo "2252"]
[BlackElo "2431"]
[Annotator "ChessBase"]
[PlyCount "120"]
[EventDate "2021.10.18"]
[EventType "swiss"]
[EventCountry "DEN"]
[SourceTitle "playchess.com"]
[Source "ChessBase"]
[SourceQuality "1"]
[TimeControl "40/5400+30:900+30"]

1. d4 Nf6 2. Nf3 d5 3. e3 e6 4. c4 c5 5. a3 a6 6. dxc5 Bxc5 7. b4 Bd6 8. Bb2 O-O 9. Nbd2 a5 10. c5 Be7 11. Rc1 axb4 12. axb4 Na6 13. Qb3 Bd7 14. Be2 Qe8 15. Bxa6 Rxa6 16. O-O Bb5 17. Rfe1 Qd7 18. Ra1 Rfa8 19. Rxa6 Rxa6 20. Ra1 Ne8 21. Ne5 Rxa1+ 22. Bxa1 Qc7 23. Nef3 Qc8 24. Qa3 Nc7 25. Be5 f6 26. Bxc7 Qxc7 27. Nd4 Bd7 28. Qa7 Kf7 29. N2b3 e5 30. Ne2 Bc6 31. Nc3 Qd7 32. Qa2 Kf8 33. Qd2 b6 34. Qd3 bxc5 35. Nxc5 Bxc5 36. bxc5 Qa7 37. h3 Qxc5 38. Kh2 g6 39. Qd2 Kg7 40. Kg1 h5 41. Kh2 d4 42. exd4 Qxd4 43. Qe3 Qxe3 44. fxe3 h4 45. Kg1 f5 46. Kf2 Kf6 47. Nb1 Ke6 48. Nd2 Bd5 49. Nb1 Kd6 50. Nc3 Bc6 51. Nb1 Kc5 52. Nd2 Kb4 53. Nf1 Kc3 54. g3 g5 55. gxh4 gxh4 56. Nh2 Kd3 57. Nf1 Be8 58. Nh2 Bh5 59. Nf1 Be2 60. Nh2 e4 0-1

[Event "OEBRO 85th Anniversary GM 2021"]
[Site "Copenhagen"]
[Date "2021.10.24"]
[Round "9.6"]
[White "Hector, Jonny"]
[Black "Ermitsch, Magnus"]
[Result "1-0"]
[ECO "B48"]
[WhiteElo "2443"]
[BlackElo "2086"]
[Annotator "ChessBase"]
[PlyCount "73"]
[EventDate "2021.10.18"]
[EventType "swiss"]
[EventCountry "DEN"]
[SourceTitle "playchess.com"]
[Source "ChessBase"]
[SourceQuality "1"]
[TimeControl "40/5400+30:900+30"]

1. e4 c5 2. Nf3 e6 3. d4 cxd4 4. Nxd4 Nc6 5. Nc3 Qc7 6. Be3 a6 7. g4 d6 8. f4 Nf6 9. g5 Nd7 10. Qh5 g6 11. Qe2 Na5 12. f5 Ne5 13. Bh3 Qc4 14. O-O-O b5 15. Qxc4 Nexc4 16. Bf2 b4 17. Na4 e5 18. b3 Bd7 19. Nf3 h6 20. bxc4 Bxa4 21. fxg6 fxg6 22. c5 hxg5 23. Bg4 Nb7 24. cxd6 Bxd6 25. Be3 Rh7 26. Rd2 Bd7 27. Nxg5 Re7 28. Bxd7+ Rxd7 29. Rf1 Be7 30. Rdf2 O-O-O 31. Nf7 Re8 32. Nxe5 Bg5 33. Bxg5 Rxe5 34. Rf8+ Nd8 35. Bf6 Rxe4 36. Rd1 Re2 37. Rxd8+ 1-0

[Event "OEBRO 85th Anniversary GM 2021"]
[Site "Copenhagen"]
[Date "2021.10.24"]
[Round "9.7"]
[White "Porte, Henrik"]
[Black "Brondt, Nicolai Kvist"]
[Result "0-1"]
[ECO "D43"]
[WhiteElo "2170"]
[BlackElo "2217"]
[Annotator "ChessBase"]
[PlyCount "100"]
[EventDate "2021.10.18"]
[EventType "swiss"]
[EventCountry "DEN"]
[SourceTitle "playchess.com"]
[Source "ChessBase"]
[SourceQuality "1"]
[TimeControl "40/5400+30:900+30"]

1. d4 Nf6 2. c4 c6 3. Nc3 d5 4. Nf3 e6 5. Bg5 h6 6. Bxf6 Qxf6 7. e3 Nd7 8. cxd5 exd5 9. Bd3 Bd6 10. Qc2 O-O 11. O-O Qe7 12. Rfe1 Nf6 13. e4 dxe4 14. Nxe4 Nxe4 15. Bxe4 Qf6 16. Ne5 Be6 17. Rad1 Rad8 18. Qc3 Bf5 19. Bxf5 Qxf5 20. Nc4 Bb8 21. g3 Rfe8 22. Rxe8+ Rxe8 23. Re1 Rxe1+ 24. Qxe1 Qd7 25. Qe4 Bc7 26. b3 Bd8 27. Qe5 Bf6 28. Qb8+ Kh7 29. Qxa7 Bxd4 30. Qa5 b5 31. Ne3 Bxe3 32. fxe3 Qd1+ 33. Kf2 Qc2+ 34. Kg1 Qd3 35. Qa7 c5 36. Qxc5 Qb1+ 37. Kf2 Qxa2+ 38. Kf3 Qxb3 39. Qf5+ g6 40. Qd7 Qc4 41. g4 b4 42. h4 b3 43. Qb7 Qf1+ 44. Kg3 Qg1+ 45. Kh3 Qxe3+ 46. Kg2 Qd2+ 47. Kg3 Qc3+ 48. Kg2 Kg7 49. h5 g5 50. Qb5 b2 0-1